NCAA
NORTHWESTERN WILDCATS @ SETON HALL PIRATES
04/17/2026
 
TOP OF THE 1ST
Northwestern Wildcats batting - Pitching for Seton Hall Pirates : LHP Doug Ledoux
Pitching: LHP Doug Ledoux
Batting: LHB Ramón Morán 0-0: Foul Ball, location: 2F
0-1: Foul Ball, location: 2F
0-2: Ball
1-2: Ball
2-2: Ball
3-2: Fly out, F8 (Flyball, 8LM)
Batting: RHB Randy Moon 0-0: Called Strike
0-1: Ball
1-1: Ball
2-1: Swinging Strike
2-2: Strikes out looking
Batting: RHB Manuel Sánchez 0-0: Called Strike
0-1: Ball
1-1: Ball
2-1: Called Strike
2-2: Ball
3-2: Strikes out swinging
Top of the 1st over - 0 run(s), 0 hit(s), 0 error(s), 0 left on base; Northwestern 0 - Seton Hall 0
BOTTOM OF THE 1ST
Seton Hall Pirates batting - Pitching for Northwestern Wildcats : RHP Rob Woods
Pitching: RHP Rob Woods
Batting: RHB John Hutchins 0-0: Hit by Pitch
Batting: RHB Jim Doyle 0-0: Called Strike
John Hutchins steals 2nd base
0-1: 2-RUN HOME RUN (Flyball, 7D), Distance : 351 ft
Batting: LHB Hamilton Hughes 0-0: Swinging Strike
0-1: Ball
1-1: Ball
2-1: Hit by Pitch
Batting: RHB Jorge Flores 0-0: Ball
1-0: Ball
2-0: Called Strike
2-1: Foul Ball, location: 2F
2-2: Ball
3-2: Foul Ball, location: 2F
3-2: Foul Ball, location: 2F
3-2: Fielders Choice at 2nd, 3-6 (Groundball, 3)
Batting: SHB Carlton Moreno 0-0: Ball
1-0: Foul Ball, location: 2F
1-1: Called Strike
1-2: Ground out 6-3 (Groundball, 6)
Jorge Flores to second
Batting: RHB Luis Reyes 0-0: Ball
1-0: Foul Ball, location: 2F
1-1: Swinging Strike
1-2: Ball
2-2: Ball
3-2: Base on Balls
Batting: RHB Clancy Bradshaw 0-0: Called Strike
0-1: Called Strike
0-2: Ball
1-2: Strikes out swinging
Bottom of the 1st over - 2 run(s), 1 hit(s), 0 error(s), 2 left on base; Northwestern 0 - Seton Hall 2
TOP OF THE 2ND
Northwestern Wildcats batting - Pitching for Seton Hall Pirates : LHP Doug Ledoux
Batting: RHB Kelly Graham 0-0: Foul Ball, location: 2F
0-1: DOUBLE (Line Drive, 5L)
Batting: LHB John Allen 0-0: Swinging Strike
0-1: Ball
1-1: Ball
2-1: Foul Ball, location: 2F
2-2: Strikes out swinging
Batting: LHB Reynaldo Garza 0-0: Fly out, F3 (Popup, 3SF)
Batting: RHB Vicente Rosales 0-0: SINGLE (Groundball, 6)
Kelly Graham to third
Runner from 3rd tries for Home, SAFE, no throw or cutoff
Batting: RHB Brian Martínez 0-0: Ball
1-0: Fly out, F6 (Popup, 5L)
Top of the 2nd over - 1 run(s), 2 hit(s), 0 error(s), 1 left on base; Northwestern 1 - Seton Hall 2
BOTTOM OF THE 2ND
Seton Hall Pirates batting - Pitching for Northwestern Wildcats : RHP Rob Woods
Batting: RHB George Medine 0-0: Foul Ball, location: 2F
0-1: Called Strike
0-2: Fly out, F8 (Flyball, 8LM)
Batting: SHB Keith Hale 0-0: Ball
1-0: Ball
2-0: Ground out 4-3 (Groundball, 4)
Batting: RHB John Hutchins 0-0: Fly out, F7 (Flyball, 78M)
Bottom of the 2nd over - 0 run(s), 0 hit(s), 0 error(s), 0 left on base; Northwestern 1 - Seton Hall 2
TOP OF THE 3RD
Northwestern Wildcats batting - Pitching for Seton Hall Pirates : LHP Doug Ledoux
Batting: RHB Tony Collier 0-0: Ball
1-0: Swinging Strike
1-1: Ball
2-1: Foul Ball, location: 2F
2-2: Foul Ball, location: 2F
2-2: Strikes out swinging
Batting: LHB Ramón Morán 0-0: Ball
1-0: Called Strike
1-1: Swinging Strike
1-2: Ball
2-2: Ball
3-2: Strikes out swinging
Batting: RHB Randy Moon 0-0: Called Strike
0-1: Ball
1-1: Swinging Strike
1-2: Strikes out swinging
Top of the 3rd over - 0 run(s), 0 hit(s), 0 error(s), 0 left on base; Northwestern 1 - Seton Hall 2
BOTTOM OF THE 3RD
Seton Hall Pirates batting - Pitching for Northwestern Wildcats : RHP Rob Woods
Batting: RHB Jim Doyle 0-0: Fly out, F9 (Line Drive, 89M)
Batting: LHB Hamilton Hughes 0-0: Called Strike
0-1: Foul Ball, location: 2F
0-2: SINGLE (Flyball, 7S)
Batting: RHB Jorge Flores 0-0: Foul Ball, location: 2F
0-1: Foul Ball, location: 2F
0-2: Strikes out swinging
Batting: SHB Carlton Moreno 0-0: SINGLE (Groundball, 25) (infield hit)
Hamilton Hughes to second
Batting: RHB Luis Reyes 0-0: Ball
1-0: Ball
2-0: Fielders Choice at 2nd, 6-4 (Groundball, 6)
Bottom of the 3rd over - 0 run(s), 2 hit(s), 0 error(s), 1 left on base; Northwestern 1 - Seton Hall 2
TOP OF THE 4TH
Northwestern Wildcats batting - Pitching for Seton Hall Pirates : LHP Doug Ledoux
Batting: RHB Manuel Sánchez 0-0: Ball
1-0: Ball
2-0: Called Strike
2-1: Ball
3-1: Fly out, F7 (Flyball, 78M)
Batting: RHB Kelly Graham 0-0: Ball
1-0: Ground out 5-3 (Groundball, 56)
Batting: LHB John Allen 0-0: Ball
1-0: Called Strike
1-1: Fly out, F7 (Flyball, 8LM)
Top of the 4th over - 0 run(s), 0 hit(s), 0 error(s), 0 left on base; Northwestern 1 - Seton Hall 2
BOTTOM OF THE 4TH
Seton Hall Pirates batting - Pitching for Northwestern Wildcats : RHP Rob Woods
Batting: RHB Clancy Bradshaw 0-0: Ball
1-0: Swinging Strike
1-1: Called Strike
1-2: Strikes out swinging
Batting: RHB George Medine 0-0: Ball
1-0: SINGLE (Line Drive, 6MD)
Batting: SHB Keith Hale 0-0: Foul Ball, location: 2F
0-1: Ball
1-1: Swinging Strike
1-2: Strikes out looking
Batting: RHB John Hutchins 0-0: Called Strike
0-1: Called Strike
0-2: Strikes out swinging
Bottom of the 4th over - 0 run(s), 1 hit(s), 0 error(s), 1 left on base; Northwestern 1 - Seton Hall 2
TOP OF THE 5TH
Northwestern Wildcats batting - Pitching for Seton Hall Pirates : LHP Doug Ledoux
Batting: LHB Reynaldo Garza 0-0: SOLO HOME RUN (Flyball, 89XD), Distance : 369 ft
Batting: RHB Vicente Rosales 0-0: Ball
1-0: Ground out 5-3 (Groundball, 56)
Batting: RHB Brian Martínez 0-0: Ball
1-0: Called Strike
1-1: Ball
2-1: Foul Ball, location: 2F
2-2: Ball
3-2: Strikes out swinging
Batting: RHB Tony Collier 0-0: Ground out 6-3 (Groundball, 56)
Top of the 5th over - 1 run(s), 1 hit(s), 0 error(s), 0 left on base; Northwestern 2 - Seton Hall 2
BOTTOM OF THE 5TH
Seton Hall Pirates batting - Pitching for Northwestern Wildcats : RHP Rob Woods
Batting: RHB Jim Doyle 0-0: Swinging Strike
0-1: Ground out 5-3 (Groundball, 5L)
Batting: LHB Hamilton Hughes 0-0: Foul Ball, location: 2F
0-1: Ground out 6-3 (Groundball, 6)
Batting: RHB Jorge Flores 0-0: Foul Ball, location: 2F
0-1: Called Strike
0-2: Ball
1-2: Foul Ball, location: 2F
1-2: Foul Ball, location: 2F
1-2: Foul Ball, location: 2F
1-2: Ball
2-2: Foul Ball, location: 2F
2-2: Foul Ball, location: 2F
2-2: Foul Ball, location: 2F
2-2: Ball
3-2: Fly out, F9 (Flyball, 89M)
Bottom of the 5th over - 0 run(s), 0 hit(s), 0 error(s), 0 left on base; Northwestern 2 - Seton Hall 2
TOP OF THE 6TH
Northwestern Wildcats batting - Pitching for Seton Hall Pirates : LHP Doug Ledoux
Batting: LHB Ramón Morán 0-0: Ball
1-0: Called Strike
1-1: Ground out 4-3 (Groundball, 4M)
Batting: RHB Randy Moon 0-0: Called Strike
0-1: Swinging Strike
0-2: Ball
1-2: Ball
2-2: Strikes out swinging
Batting: RHB Manuel Sánchez 0-0: Ball
1-0: Swinging Strike
1-1: Ball
2-1: Ball
3-1: Foul Ball, location: 2F
3-2: Strikes out swinging
Top of the 6th over - 0 run(s), 0 hit(s), 0 error(s), 0 left on base; Northwestern 2 - Seton Hall 2
BOTTOM OF THE 6TH
Seton Hall Pirates batting - Pitching for Northwestern Wildcats : RHP Rob Woods
Batting: SHB Carlton Moreno 0-0: Called Strike
0-1: Called Strike
0-2: Ball
1-2: Ball
2-2: Ball
3-2: Reached on error, E4 (Groundball, 4)
Pitching: RHP Alonso Rodríguez
Batting: RHB Luis Reyes 0-0: Called Strike
0-1: Ball
1-1: Called Strike
1-2: Strikes out swinging
Batting: RHB Clancy Bradshaw 0-0: Fly out, F9 (Popup, 4D)
Batting: RHB George Medine 0-0: Called Strike
0-1: Ball
1-1: SINGLE (Groundball, 34D)
Carlton Moreno to second
Runner from 2nd tries for 3rd, SAFE, no throw or cutoff
Batting: SHB Keith Hale 0-0: Ball
1-0: Ball
2-0: Ball
3-0: Base on Balls
George Medine to second
Batting: RHB John Hutchins 0-0: Ground out 6-3 (Groundball, 6)
Bottom of the 6th over - 0 run(s), 1 hit(s), 1 error(s), 3 left on base; Northwestern 2 - Seton Hall 2
TOP OF THE 7TH
Northwestern Wildcats batting - Pitching for Seton Hall Pirates : LHP Doug Ledoux
Batting: RHB Kelly Graham 0-0: Ball
1-0: Ball
2-0: Called Strike
2-1: Ground out 5-3 (Groundball, 5)
Pitching: RHP Dylan Chapman
Batting: LHB John Allen 0-0: Called Strike
0-1: Called Strike
0-2: Ball
1-2: Ball
2-2: Foul Ball, location: 2F
2-2: Strikes out looking
Batting: LHB Reynaldo Garza 0-0: Foul Ball, location: 2F
0-1: Ball
1-1: Foul Ball, location: 2F
1-2: Foul Ball, location: 2F
1-2: Ball
2-2: Ball
3-2: Ground out 3-1 (Groundball, 34)
Top of the 7th over - 0 run(s), 0 hit(s), 0 error(s), 0 left on base; Northwestern 2 - Seton Hall 2
BOTTOM OF THE 7TH
Seton Hall Pirates batting - Pitching for Northwestern Wildcats : RHP Alonso Rodríguez
Batting: RHB Jim Doyle 0-0: Ball
1-0: Called Strike
1-1: Foul Ball, location: 2F
1-2: Strikes out swinging
Batting: LHB Hamilton Hughes 0-0: Ball
1-0: Ball
2-0: Called Strike
2-1: SINGLE (Line Drive, 56)
Batting: RHB Jorge Flores 0-0: Called Strike
0-1: Ball
1-1: Ball
2-1: Ball
3-1: Base on Balls
Hamilton Hughes to second
Batting: SHB Carlton Moreno 0-0: Grounds into double play, 6-4-3 (Groundball, 6)
Bottom of the 7th over - 0 run(s), 1 hit(s), 0 error(s), 1 left on base; Northwestern 2 - Seton Hall 2
TOP OF THE 8TH
Northwestern Wildcats batting - Pitching for Seton Hall Pirates : RHP Dylan Chapman
Pinch Hitting: RHB Jon Leach 0-0: Called Strike
0-1: Ball
1-1: Foul Ball, location: 2F
1-2: Fly out, F8 (Line Drive, 8RM)
Batting: RHB Brian Martínez 0-0: Ball
1-0: Swinging Strike
1-1: Swinging Strike
1-2: Foul Ball, location: 2F
1-2: Strikes out swinging
Batting: RHB Tony Collier 0-0: Ball
1-0: Foul Ball, location: 2F
1-1: Foul Ball, location: 2F
1-2: Ball
2-2: Strikes out swinging
Top of the 8th over - 0 run(s), 0 hit(s), 0 error(s), 0 left on base; Northwestern 2 - Seton Hall 2
BOTTOM OF THE 8TH
Seton Hall Pirates batting - Pitching for Northwestern Wildcats : RHP Alonso Rodríguez
Now at SS: Jon Leach
Batting: RHB Luis Reyes 0-0: Ball
1-0: Swinging Strike
1-1: SINGLE (Groundball, 34D)
Batting: RHB Clancy Bradshaw 0-0: Fly out, F4 (Line Drive, 4M)
Batting: RHB George Medine 0-0: Ball
1-0: Called Strike
1-1: Ball
2-1: Called Strike
2-2: Strikes out looking
Pitching: LHP Paul Pearson
Pinch Hitting: RHB Tim Torres 0-0: Fly out, F8 (Flyball, 8LM)
Bottom of the 8th over - 0 run(s), 1 hit(s), 0 error(s), 1 left on base; Northwestern 2 - Seton Hall 2
TOP OF THE 9TH
Northwestern Wildcats batting - Pitching for Seton Hall Pirates : RHP Dylan Chapman
Pitching: RHP Matt Hernández
Now at 2B: Dave Little
Batting: LHB Ramón Morán 0-0: Foul Ball, location: 2F
0-1: Ball
1-1: Ground out 4-3 (Groundball, 34)
Batting: RHB Randy Moon 0-0: Ball
1-0: Ball
2-0: Ball
3-0: Base on Balls
Batting: RHB Manuel Sánchez 0-0: Ball
1-0: SINGLE (Line Drive, 9S)
Randy Moon to second
Batting: RHB Kelly Graham 0-0: Ball
1-0: Called Strike
1-1: Ball
2-1: Fly out, F7 (Flyball, 7M)
Batting: LHB John Allen 0-0: Ball
1-0: Swinging Strike
1-1: Fly out, F2 (Popup, 5SF)
Top of the 9th over - 0 run(s), 1 hit(s), 0 error(s), 2 left on base; Northwestern 2 - Seton Hall 2
BOTTOM OF THE 9TH
Seton Hall Pirates batting - Pitching for Northwestern Wildcats : LHP Paul Pearson
Batting: RHB John Hutchins 0-0: SINGLE (Flyball, 7S)
Batting: RHB Jim Doyle 0-0: Ball
1-0: Bunted foul
1-1: Sac Bunt - play at first, batter OUT! 1-4
John Hutchins to second
Batting: LHB Hamilton Hughes 0-0: Ball
1-0: Ball
2-0: Called Strike
2-1: Swinging Strike
2-2: Ball
3-2: Fly out, F7 (Flyball, 78M)
Batting: RHB Jorge Flores 0-0: Called Strike
0-1: Ball
1-1: Foul Ball, location: 2F
1-2: Strikes out swinging
Bottom of the 9th over - 0 run(s), 1 hit(s), 0 error(s), 1 left on base; Northwestern 2 - Seton Hall 2
TOP OF THE 10TH
Northwestern Wildcats batting - Pitching for Seton Hall Pirates : RHP Matt Hernández
Batting: LHB Reynaldo Garza 0-0: Ball
1-0: Swinging Strike
1-1: Ball
2-1: Ball
3-1: Called Strike
3-2: Base on Balls
Batting: RHB Jon Leach 0-0: Ball
1-0: Sac Bunt - play at first, batter OUT! 3-4
Reynaldo Garza to second
Batting: RHB Brian Martínez 0-0: Ball
1-0: Called Strike
1-1: Called Strike
1-2: Ball
2-2: Strikes out swinging
Batting: RHB Tony Collier 0-0: Ground out 5-3 (Groundball, 56)
Top of the 10th over - 0 run(s), 0 hit(s), 0 error(s), 1 left on base; Northwestern 2 - Seton Hall 2
BOTTOM OF THE 10TH
Seton Hall Pirates batting - Pitching for Northwestern Wildcats : LHP Paul Pearson
Pitching: RHP Drake Wilkinson
Batting: SHB Carlton Moreno 0-0: Swinging Strike
0-1: Foul Ball, location: 2F
0-2: Ball
1-2: Strikes out swinging
Batting: RHB Luis Reyes 0-0: Ball
1-0: Foul Ball, location: 2F
1-1: Foul Ball, location: 2F
1-2: Foul Ball, location: 2F
1-2: Foul Ball, location: 2F
1-2: Ball
2-2: Ball
3-2: Strikes out swinging
Batting: RHB Clancy Bradshaw 0-0: Foul Ball, location: 2F
0-1: Fly out, F6 (Popup, 5D)
Bottom of the 10th over - 0 run(s), 0 hit(s), 0 error(s), 0 left on base; Northwestern 2 - Seton Hall 2
TOP OF THE 11TH
Northwestern Wildcats batting - Pitching for Seton Hall Pirates : RHP Matt Hernández
Pitching: RHP Francisco Villanueva
Batting: LHB Ramón Morán 0-0: Foul Ball, location: 2F
0-1: Ball
1-1: Called Strike
1-2: Ball
2-2: Foul Ball, location: 2F
2-2: Hit by Pitch
Pinch Runner at 1st Aaron Stevens:
Batting: RHB Randy Moon 0-0: Ball
Wild Pitch!
Aaron Stevens to second
1-0: Intentional Walk
Batting: RHB Manuel Sánchez 0-0: Ball
1-0: Called Strike
1-1: Swinging Strike
1-2: Strikes out looking
Batting: RHB Kelly Graham 0-0: Called Strike
0-1: Ball
1-1: Ball
2-1: Fielders Choice at 2nd, 5-4 (Groundball, 56)
Aaron Stevens to third
Batting: LHB John Allen 0-0: Ball
1-0: Foul Ball, location: 2F
1-1: Foul Ball, location: 2F
1-2: Ball
2-2: Ball
Pickoff Throw to First - Error! E1
Aaron Stevens scores
Kelly Graham to second
3-2: Base on Balls
Batting: LHB Reynaldo Garza 0-0: Fly out, F9 (Line Drive, 9M)
Top of the 11th over - 1 run(s), 0 hit(s), 1 error(s), 2 left on base; Northwestern 3 - Seton Hall 2
BOTTOM OF THE 11TH
Seton Hall Pirates batting - Pitching for Northwestern Wildcats : RHP Drake Wilkinson
Now in CF: Aaron Stevens
Batting: RHB George Medine 0-0: Ball
1-0: Called Strike
1-1: Called Strike
1-2: Ball
2-2: Strikes out swinging
Pitching: RHP Bryan Caraballo
Batting: RHB Dave Little 0-0: Ball
1-0: Called Strike
1-1: Ball
2-1: Foul Ball, location: 2F
2-2: Ball
3-2: Base on Balls
Batting: RHB John Hutchins 0-0: Swinging Strike
0-1: Ball
1-1: Swinging Strike
1-2: Strikes out swinging
Batting: RHB Jim Doyle 0-0: Ball
1-0: Ball
2-0: Called Strike
2-1: Ball
3-1: Base on Balls
Dave Little to second
Batting: LHB Hamilton Hughes 0-0: Called Strike
0-1: Ball
1-1: Ball
2-1: Ball
3-1: Base on Balls
Dave Little to third
Jim Doyle to second
Batting: RHB Jorge Flores 0-0: Called Strike
0-1: Foul Ball, location: 2F
0-2: Ball
1-2: Ball
2-2: Foul Ball, location: 2F
2-2: Fly out, F7 (Flyball, 78M)
Bottom of the 11th over - 0 run(s), 0 hit(s), 0 error(s), 3 left on base; Northwestern 3 - Seton Hall 2
Monday, December 5th, 2016 - OOTP Baseball 17.12 Build 75